 Dungeon Crawl Stone Soup version 0.18-a0-1126-ga2d7f46 (webtiles) character file.

170 M4edhros the Sneak (level 5, -2/33 HPs)
             Began as an Octopode Artificer on Jan 20, 2016.
             Slain by a centaur skeleton (7 damage)
             ... on level 4 of the Dungeon.
             The game lasted 00:02:15 (1057 turns).

M4edhros the Sneak (Octopode Artificer)             Turns: 1057, Time: 00:02:15

Health: -2/33      AC:  1    Str: 11    XL:     5   Next: 50%
Magic:  8/8        EV: 13    Int: 15    God:    Xom [*.....]
Gold:   126        SH:  2    Dex: 12    Spells: 0 memorised, 4 levels left

rFire  . . .     SeeInvis .     p - +0 hunting sling
rCold  . . .     Gourm    .     (no shield)
rNeg   . . .     Faith    .     (helmet restricted)
rPois  .         Spirit   .     n - +2 amulet of reflection
rElec  .         Dismiss  .     o - ring of protection from magic
rCorr  .         Reflect  +     (no ring)
SustAt .         Harm     .     (no ring)
MR     +....                    (no ring)
Stlth  ++++......               (no ring)
                                (no ring)
                                (no ring)
                                (no ring)

@: very slightly contaminated, somewhat resistant to hostile enchantments,
stealthy
A: almost no armour, amphibious, 8 rings, constrict 8, camouflage 1, gelatinous
body 1
a: Renounce Religion


You were on level 4 of the Dungeon.
You worshipped Xom.
You were a special plaything of Xom.
You were hungry.

You visited 2 branches of the dungeon, and saw 5 of its levels.

You collected 126 gold pieces.

Inventory:

Hand Weapons
 a - a +0 short sword
 p - a +0 hunting sling (weapon)
Missiles
 q - a stone (quivered)
 r - 17 steel sling bullets
Jewellery
 n - a +2 amulet of reflection (around mantle)
 o - a ring of protection from magic (left tentacle)
 u - an uncursed amulet of the gourmand
Wands
 b - a wand of flame (14/48)
 c - a wand of enslavement (15/24)
 d - a wand of random effects (15/48)
 v - a wand of magic darts (10/48)
Scrolls
 h - a scroll of noise {unknown}
 j - a scroll of random uselessness {unknown}
 k - 2 scrolls of teleportation {unknown}
 m - 2 scrolls of identify {unknown}
 s - 2 scrolls of remove curse {unknown}
 w - a scroll of recharging {unknown}
Potions
 e - 2 potions of curing {unknown}
 g - a potion of mutation {unknown}
 l - a potion of invisibility {unknown}
 t - a potion of brilliance {unknown}
Comestibles
 f - a bread ration
 i - a slice of pizza


   Skills:
 - Level 1.0 Fighting
 - Level 1.0 Short Blades
 * Level 3.8 Dodging
 * Level 4.9 Stealth
 + Level 4.0 Evocations


You had 4 spell levels left.
You didn't know any spells.

Dungeon Overview and Level Annotations

Branches:
Dungeon (4/15)             Temple (1/1) D:4

Altars:
Ashenzari
Cheibriados
Dithmenos
Kikubaaqudgha
Makhleb
Nemelex Xobeh
Pakellas
Qazlal
Ru
Trog
Vehumet
Xom


Innate Abilities, Weirdness & Mutations

You cannot wear most types of armour.
You are amphibious.
You can wear up to eight rings at the same time.
You can use your tentacles to constrict eight enemies at once.
Your skin changes colour to match your surroundings (Stealth).
Your rubbery body absorbs attacks (AC +1).


Message History

The centaur skeleton hits you.
Firing (i - inventory. (,) - cycle):
q - 3 stones (quivered)
Press: ? - help, Shift-Dir - straight line, f/p - centaur skeleton
Aim: a centaur skeleton You shoot a stone.
The stone hits the centaur skeleton.
The centaur skeleton hits you. The centaur skeleton hits you!
Firing (i - inventory. (,) - cycle):
q - 2 stones (quivered)
Press: ? - help, Shift-Dir - straight line, f/p - centaur skeleton
Aim: a centaur skeleton You shoot a stone.
The stone hits the centaur skeleton.
The centaur skeleton hits you!
* * * LOW HITPOINT WARNING * * *
You are too injured to fight recklessly!
Evoke which item? (* to show all) (? for menu, Esc to quit)
Zapping:
b - a wand of flame (15/48)
Press: ? - help, Shift-Dir - straight line, f/p - centaur skeleton
Aim: a centaur skeleton The puff of flame hits the centaur skeleton.
This wand has 14 charges left.
The centaur skeleton hits you!
You die...

##########.# #.# #....#
..########.###.###.#######
#.#>..)...................
..........................
#.#..#####.###.....########
#.#..# #.# #.###.####....
#....# #.# #.###.(.......
#.#.######.###...#(.##.....
#..>.........+..@Z((((.((..
#.#.######.###...#..##...?.
#.#.# ####.###...#..# ..? #
#.# #.........##..# . #.#
#.........##..# #.#
#.........##..# #.#
###..#######..#
..#.#####..###### ..?
#.#.##.##..#....#


You could see a centaur skeleton.

Vanquished Creatures
  An ogre (D:4)
  An iguana (D:4)
  A hound skeleton (D:4)
  An adder (D:4)
  An ooze (D:1)
  A worm (D:3)
  3 giant geckos
  A ball python (D:4)
  6 bats
  5 goblins
  A hobgoblin (D:3)
  3 jackals (D:2)
  A giant newt (D:2)
  2 kobolds
  4 rats
32 creatures vanquished.

Notes
Turn   | Place    | Note
--------------------------------------------------------------
     0 | D:1      | M4edhros the Octopode Artificer began the quest for the Orb.
     0 | D:1      | Reached XP level 1. HP: 13/13 MP: 3/3
   102 | D:1      | Reached XP level 2. HP: 13/18 MP: 4/4
   348 | D:2      | Reached XP level 3. HP: 21/23 MP: 5/5
   703 | D:4      | Noticed a phantom
   815 | D:4      | Found a staircase to the Ecumenical Temple.
   824 | Temple   | Entered the Ecumenical Temple
   870 | Temple   | Became a worshipper of Xom of Chaos
   919 | D:4      | Noticed an ogre
   936 | D:4      | XOM: potion effect (invisibility)
   943 | D:4      | XOM: enchant monster (bad)
   945 | D:4      | Killed an ogre
   945 | D:4      | Reached skill level 4 in Stealth
   945 | D:4      | Reached XP level 4. HP: 28/28 MP: 6/6
   945 | D:4      | Reached XP level 5. HP: 33/33 MP: 7/7
  1057 | D:4      | Slain by a centaur skeleton

Vault maps used:
D:1:      lightli_arrival_quake
D:3:      first_bread
D:4:      minmay_temple_entry_glass
Temple:   circular_temple_12

Action                   |  1- 3 |  4- 6 || total
-------------------------+-------+-------++-------
Melee: Short sword       |    51 |       ||    51
 Fire: Hunting sling     |    34 |    33 ||    67
Evoke: Wand              |     2 |     1 ||     3
 Stab: Sleeping          |    10 |       ||    10
